Map: Terraform LE (Void)

Players

DestroyBoy

  • Race: Terran Terran
  • League: Platinum

Bloodspartan - Winner!

  • Race: Protoss Protoss
  • League: Gold

VOD

Have the link to the VOD?

Description

Time

  • Played on: Sept. 2, 2015, 2:37 a.m.
  • Length: 8:12
Show
View Real Time Build Order
Export as new Build Order

DestroyBoy Terran 

Build Orders: Siege Tank Drop 

Get SALT Encoding   

  12  0:01  SCV  
  13  0:13  SCV  
  14  0:19  Supply Depot  
  14  0:25  SCV  
  15  0:37  Refinery  
  15  0:40  SCV  
  16  0:47  Barracks  
  16  0:53  SCV  
  17  1:05  SCV  
  18  1:17  SCV  
  19  1:29  SCV  
  20  1:35  Marine  
  20  1:37  Supply Depot  
  21  1:43  Factory  
  21  1:49  SCV  
  21  1:51  Refinery  
  22  1:55  Marine  
  23  2:05  SCV  
  24  2:13  Marine  
  25  2:17  Bunker  
  25  2:19  SCV  
  26  2:28  Widow Mine  
  28  2:32  SCV  
  28  2:36  Starport  
  29  2:38  Marine  
  31  2:51  SCV  
  31  2:57  Factory Tech Lab  
  31  3:05  Supply Depot  
  31  3:10  Orbital Command  
  31  3:26  Medivac, Marine  
  31  3:27  Siege Tank  
  37  3:30  Supply Depot  
  35  3:44  Marine  
  36  3:57  Supply Depot  
  36  3:59  Cyclone, Viking  
  41  4:07  Marine  
  38  4:29  SCV  
  39  4:42  SCV  
  37  4:55  SCV  
  33  5:07  SCV  
  33  5:11  Viking  
  33  5:12  Widow Mine  
  33  5:13  Marine  
  29  5:36  SCV  
  28  5:49  Marine  
  28  5:50  Cyclone  
  31  5:58  SCV  
  30  6:07  Marine  
  32  6:22  SCV  
  31  6:38  Marine  
  32  6:40  SCV  
  33  6:52  SCV  
  34  7:04  SCV  
  38  7:13  Siege Tank  
  38  7:16  SCV  
  38  7:28  SCV  
  38  7:29  Marine  
  39  7:33  Viking  
  39  7:49  Marine  
Show
View Real Time Build Order
Export as new Build Order

Bloodspartan Protoss - Winner!

Build Orders: Oracle Opening 

Get SALT Encoding   

  12  0:01  Probe  
  13  0:14  Pylon  
  13  0:18  Probe  
  14  0:33  Gateway  
  14  0:34  Probe  
  15  0:43  Assimilator  
  15  0:47  Assimilator  
  15  0:50  Probe  
  16  1:02  Probe  
  17  1:14  Probe  
  18  1:20  Cybernetics Core  
  18  1:26  Probe  
  18  1:28  Pylon  
  19  1:39  Probe  
  20  1:51  Probe, Warp Gate  
  21  1:57  Stargate  
  21  2:03  Mothership Core  
  23  2:13  Pylon  
  23  2:23  Adept  
  23  2:28  Probe  
  26  2:40  Probe  
  26  2:43  Oracle  
  30  3:07  Probe  
  31  3:15  Nexus  
  31  3:24  Oracle  
  32  3:34  Probe  
  32  3:47  Gateway  
  32  3:48  Gateway  
  32  3:50  Probe  
  33  4:00  Oracle  
  36  4:03  Probe  
  37  4:15  Probe  
  37  4:27  Probe  
  37  4:28  Probe  
  37  4:31  Adept  
  41  4:43  Void Ray  
  45  5:05  Stalker  
  45  5:06  Stalker x2  
  41  5:30  Stalker x3  
  45  5:37  Probe x2  
  47  5:47  Void Ray  
  47  5:49  Probe  
  49  6:18  Probe  
  49  6:20  Probe  
  46  6:26  Stalker x2  
  46  6:27  Stalker  
  46  6:30  Probe  
  46  6:32  Probe, Twilight Council  
  54  6:41  Pylon  
  54  6:59  Probe x2  
  56  7:04  Stalker  
  56  7:05  Stalker  
  56  7:06  Stalker  
  62  7:49  Probe x2  
  62  8:03  Stalker  
  62  8:05  Stalker  
  62  8:09  Pylon  
  62  8:11  Pylon  
Tags
 
Add a new tag
Caveats
  • Supply blocks, unpowered buildings, or Contaminate may cause inaccurate times.
  • Supply counts are checked every 10 seconds.